Map: Jagannatha LE

Players

JusticeSimon - Winner!

  • Race: Protoss Protoss
  • Spawn Location: 7:00

MeomaikaFan (Peppy)

  • Race: Zerg Zerg
  • League: Grandmaster
  • Spawn Location: 1:00

Event: DreamHack SC2 Masters 2020 Winter

VOD

Have the link to the VOD?

Description

Time

  • Played on: Oct. 9, 2020, 10:09 p.m.
  • Length: 19:42

All games in this series

Show
View Real Time Build Order
Export as new Build Order

JusticeSimon Protoss - Winner!

Build Orders: 1 Gate Expand, Oracle Opening, Carriers 

Get SALT Encoding   

  12  0:01  Probe  
  13  0:13  Probe  
  14  0:20  Pylon  
  14  0:25  Probe  
  15  0:38  Probe (Chrono Boost)  
  16  0:45  Gateway  
  16  0:48  Probe (Chrono Boost)  
  17  0:53  Probe (Chrono Boost)  
  17  0:55  Assimilator  
  18  1:04  Probe  
  19  1:16  Probe  
  20  1:29  Nexus  
  20  1:41  Cybernetics Core  
  20  1:43  Probe  
  21  1:52  Assimilator  
  21  1:55  Probe  
  21  2:01  Pylon  
  22  2:07  Probe  
  23  2:16  Adept (Chrono Boost)  
  23  2:19  Warp Gate, Probe  
  26  2:31  Stargate  
  26  2:32  Probe  
  26  2:36  Adept (Chrono Boost)  
  27  2:42  Probe (Chrono Boost)  
  31  2:50  Probe (Chrono Boost)  
  32  2:52  Probe (Chrono Boost)  
  32  2:57  Gateway, Probe (Chrono Boost)  
  33  2:59  Probe  
  34  3:08  Probe  
  34  3:09  Void Ray (Chrono Boost)  
  34  3:11  Probe  
  40  3:20  Probe  
  40  3:23  Probe  
  40  3:27  Pylon  
  42  3:32  Probe  
  43  3:35  Assimilator  
  43  3:36  Probe  
  44  3:44  Probe, Oracle  
  44  3:48  Pylon, Probe  
  49  3:56  Probe  
  49  4:00  Probe  
  51  4:08  Probe  
  52  4:10  Adept  
  52  4:11  Adept  
  52  4:12  Probe  
  52  4:15  Pylon  
  57  4:25  Stargate  
  57  4:28  Nexus  
  57  4:31  Probe x2  
  59  4:34  Assimilator  
  59  4:37  Void Ray (Chrono Boost)  
  59  4:38  Shield Battery  
  59  4:43  Probe  
  64  4:46  Pylon  
  64  4:57  Probe x2  
  66  5:08  Pylon  
  66  5:09  Void Ray (Chrono Boost), Sentry x2, Probe  
  66  5:10  Probe  
  66  5:11  Shield Battery  
  76  5:20  Void Ray (Chrono Boost)  
  76  5:21  Probe  
  76  5:22  Probe  
  76  5:26  Pylon  
  82  5:30  Pylon  
  82  5:34  Probe  
  83  5:38  Void Ray (Chrono Boost)  
  83  5:41  Probe  
  84  5:46  Assimilator, Probe  
  84  5:49  Assimilator  
  89  5:51  Void Ray (Chrono Boost)  
  89  5:53  Probe  
  94  5:58  Zealot x2, Probe  
  99  6:05  Probe  
  99  6:10  Probe  
  101  6:17  Probe  
  98  6:22  Zealot, Probe  
  98  6:23  Zealot  
  98  6:25  Twilight Council  
  103  6:26  Forge  
  103  6:27  Robotics Facility  
  103  6:29  Probe  
  97  6:32  Probe  
  97  6:34  Probe  
  97  6:35  Void Ray  
  98  6:41  Shield Battery  
  98  6:42  Probe  
  98  6:44  Probe  
  98  6:46  Probe  
  105  6:48  Adept x2  
  105  6:54  Probe  
  109  6:57  Probe  
  109  6:58  Probe  
  107  7:01  Charge  
  107  7:05  Protoss Ground Weapons Level 1  
  107  7:06  Probe  
  107  7:07  Templar Archives  
  108  7:09  Probe  
  108  7:10  Gateway  
  108  7:11  Gateway  
  108  7:13  Probe  
  108  7:14  Gateway  
  110  7:17  Gateway  
  110  7:18  Probe  
  110  7:21  Probe  
  112  7:25  Probe  
  113  7:30  Probe, Sentry  
  113  7:36  Gateway  
  116  7:37  Gateway  
  116  7:38  Photon Cannon, Gateway  
  116  7:42  Photon Cannon  
  116  7:46  Psionic Storm  
  116  7:56  Probe  
  117  8:05  Pylon  
  117  8:06  Pylon  
  117  8:08  Pylon  
  117  8:11  Pylon  
  117  8:23  Gateway  
  117  8:25  Gateway  
  117  8:26  High Templar x6  
  125  8:28  Robotics Bay  
  125  8:38  Photon Cannon  
  125  8:41  Photon Cannon  
  125  8:42  Photon Cannon  
  125  8:43  Photon Cannon  
  125  8:45  Photon Cannon  
  121  8:52  Zealot x3  
  127  9:04  Protoss Ground Weapons Level 2 (Chrono Boost)  
  127  9:10  Extended Thermal Lance  
  127  9:11  Robotics Facility  
  127  9:12  Colossus (Chrono Boost)  
  127  9:14  Nexus  
  127  9:15  Pylon  
  126  9:27  Zealot  
  126  9:28  Zealot x7  
  140  9:31  Archon  
  140  9:32  Archon  
  136  9:43  Nexus  
  136  9:47  High Templar x2  
  136  9:48  Sentry  
  142  9:53  Pylon  
  142  9:54  Pylon  
  142  9:55  Shield Battery  
  142  9:57  Colossus (Chrono Boost)  
  142  10:06  Colossus (Chrono Boost)  
  148  10:08  Blink (Chrono Boost)  
  148  10:10  Pylon  
  148  10:12  Pylon  
  148  10:13  Photon Cannon x2  
  154  10:16  Photon Cannon  
  154  10:19  Shield Battery  
  154  10:34  Warp Prism  
  154  10:36  High Templar x3  
  154  10:37  High Templar  
  154  10:38  Zealot  
  154  10:39  Zealot x6  
  154  10:40  Archon  
  154  10:42  Archon  
  178  10:50  Observer  
  178  10:56  Pylon  
  179  10:58  Pylon  
  179  10:59  Fleet Beacon, Pylon  
  179  11:00  Probe x3  
  179  11:01  Pylon, Probe  
  183  11:06  Assimilator, Photon Cannon  
  183  11:10  Observer  
  184  11:12  Probe x3  
  181  11:39  Zealot x10  
  199  11:50  Observer  
  181  11:59  Disruptor  
  181  12:00  Disruptor  
  181  12:02  Mothership  
  177  12:17  Zealot  
  177  12:18  Zealot x10  
  185  12:30  Observer  
  185  12:37  Stargate  
  185  12:38  Stargate  
  185  12:42  Stargate  
  159  12:57  Zealot x11  
  177  13:01  Observer x2  
  179  13:06  Assimilator  
  179  13:15  Nexus  
  161  13:31  Zealot x7  
  161  13:32  Protoss Ground Weapons Level 3 (Chrono Boost)  
  175  13:39  Carrier (Chrono Boost)  
  175  13:40  Carrier x2 (Chrono Boost)  
  199  13:45  Carrier (Chrono Boost)  
  185  13:59  High Templar x4  
  185  14:03  Warp Prism  
  185  14:08  Photon Cannon  
  187  14:12  Nexus  
  187  14:15  Pylon  
  187  14:17  Pylon  
  187  14:20  Photon Cannon  
  187  14:22  Photon Cannon  
  187  14:36  Carrier (Chrono Boost)  
  193  14:42  Carrier  
  199  15:05  Photon Cannon  
  199  15:06  Photon Cannon  
  199  15:07  Protoss Air Weapons Level 1 (Chrono Boost)  
  199  15:08  Photon Cannon  
  199  15:10  Photon Cannon, Shield Battery  
  199  15:14  Photon Cannon  
  197  15:16  Photon Cannon  
  197  15:22  Gravitic Boosters  
  192  15:45  Carrier  
  192  15:47  High Templar  
  192  15:49  Assimilator  
  200  15:51  Assimilator  
  200  15:54  Dark Shrine  
  200  16:03  Nexus  
  195  16:19  Gravitic Drive  
  195  16:20  Archon  
  185  16:28  Carrier x3  
  185  16:32  Pylon  
  199  16:34  Pylon  
  195  17:13  High Templar x2  
  195  17:14  High Templar x2  
  179  17:26  Mothership  
  185  17:33  High Templar x4  
  185  17:34  High Templar x2  
  197  17:38  Photon Cannon  
  197  17:39  Photon Cannon  
  197  17:41  Photon Cannon  
  197  17:42  Photon Cannon  
  197  17:44  Photon Cannon  
  197  17:46  Photon Cannon  
  197  17:47  Photon Cannon  
  197  17:49  Shield Battery  
  197  17:52  Shield Battery  
  197  17:54  Observer x2  
  197  17:55  Shield Battery  
  199  17:58  Pylon  
  199  18:01  Assimilator  
  193  18:05  Assimilator  
  175  18:13  Stalker x7  
  175  18:14  Stalker x4  
  182  18:35  Void Ray  
  182  18:36  Void Ray x3  
  182  18:41  Unknown  
  180  18:44  Stalker x5  
  186  18:50  Stalker x4  
  176  19:14  Zealot x8  
  176  19:15  Zealot  
Show
View Real Time Build Order
Export as new Build Order

MeomaikaFan Zerg 

Build Orders: Hatch First, Lurkers 

Get SALT Encoding   

  12  0:00  Drone  
  13  0:12  Overlord  
  13  0:16  Drone  
  14  0:30  Drone x2  
  16  0:46  Drone  
  17  0:55  Hatchery  
  17  0:56  Drone  
  17  0:59  Drone  
  18  1:11  Extractor  
  18  1:14  Spawning Pool  
  18  1:17  Drone  
  17  1:20  Drone  
  18  1:28  Drone  
  19  1:38  Drone  
  20  1:50  Drone  
  21  1:59  Overlord  
  21  2:07  Queen x2  
  21  2:08  Zergling x2  
  26  2:12  Zergling x2  
  26  2:14  Metabolic Boost  
  27  2:18  Drone  
  27  2:22  Drone  
  30  2:30  Drone  
  31  2:37  Drone  
  31  2:41  Drone  
  31  2:43  Drone  
  33  2:45  Queen  
  35  2:54  Drone  
  36  2:59  Hatchery  
  36  3:01  Overlord  
  35  3:09  Drone  
  35  3:17  Overlord  
  35  3:21  Zergling x4  
  35  3:22  Drone x3  
  35  3:27  Drone, Spore Crawler  
  41  3:33  Drone x2  
  42  3:45  Drone x2  
  42  3:46  Evolution Chamber  
  43  3:51  Overlord  
  43  3:52  Drone  
  43  4:02  Overlord  
  42  4:05  Overlord x2  
  42  4:08  Spore Crawler, Queen  
  42  4:09  Drone x4, Queen  
  49  4:12  Drone  
  49  4:15  Zerg Melee Weapons Level 1  
  50  4:18  Drone  
  50  4:19  Drone  
  50  4:21  Drone  
  52  4:26  Drone x4  
  52  4:31  Drone x3  
  59  4:35  Zergling x4  
  61  4:39  Zergling x2  
  61  4:44  Queen  
  64  4:47  Lair  
  64  4:50  Zergling x6  
  65  4:57  Drone x4  
  69  5:05  Baneling Nest  
  69  5:06  Extractor  
  67  5:07  Zergling x10  
  67  5:11  Zergling x10  
  77  5:22  Overlord  
  77  5:27  Zergling x4  
  79  5:35  Zergling x6  
  79  5:37  Overlord x2  
  79  5:40  Overlord  
  81  5:43  Spore Crawler  
  81  5:47  Zergling x10  
  85  5:55  Zergling x8  
  85  5:56  Zergling x2  
  90  5:58  Baneling x7  
  86  6:04  Zergling x8  
  86  6:09  Zergling x2  
  87  6:13  Overlord  
  87  6:15  Drone x4  
  87  6:16  Extractor  
  87  6:18  Drone, Extractor  
  87  6:21  Drone  
  82  6:26  Drone  
  82  6:27  Drone  
  82  6:28  Drone, Hatchery  
  82  6:29  Drone x2  
  81  6:39  Overlord  
  78  6:42  Drone x2  
  78  6:45  Zerg Melee Weapons Level 2  
  79  6:48  Extractor  
  79  6:53  Hydralisk Den  
  76  6:55  Drone  
  76  6:59  Drone  
  75  7:03  Drone x9, Spore Crawler  
  75  7:04  Spore Crawler  
  75  7:05  Spore Crawler  
  75  7:07  Drone  
  82  7:12  Drone  
  82  7:13  Spore Crawler  
  82  7:14  Spore Crawler  
  81  7:16  Zergling x2  
  81  7:17  Zergling x6  
  85  7:24  Muscular Augments, Extractor  
  85  7:26  Drone x3  
  85  7:28  Spore Crawler  
  86  7:31  Drone  
  87  7:39  Hydralisk x3  
  87  7:40  Hydralisk  
  95  7:46  Hydralisk x5  
  105  7:53  Hydralisk x2  
  109  8:05  Hatchery  
  109  8:08  Hydralisk x4  
  116  8:14  Hydralisk x2  
  118  8:24  Hydralisk x2  
  122  8:30  Drone x4  
  126  8:38  Overlord  
  126  8:45  Hydralisk  
  126  8:48  Overlord  
  129  8:51  Overlord  
  129  8:52  Overlord  
  129  8:53  Centrifical Hooks  
  129  8:54  Overlord x2  
  129  8:58  Hatchery  
  129  9:00  Hatchery  
  129  9:01  Baneling x2, Zerg Missile Weapons Level 1  
  129  9:02  Baneling x15  
  127  9:09  Grooved Spines  
  127  9:12  Zergling x2  
  127  9:13  Zergling x8  
  132  9:17  Zergling x2  
  123  9:28  Hydralisk x3  
  116  9:33  Hydralisk x2  
  116  9:38  Hydralisk  
  114  9:43  Drone x3  
  119  9:46  Drone, Lurker Den, Extractor, Infestation Pit  
  119  9:48  Extractor  
  119  9:50  Drone x4  
  120  9:54  Baneling x8  
  120  9:55  Drone  
  120  9:57  Drone  
  120  9:58  Drone x3  
  125  10:03  Drone  
  125  10:06  Drone  
  127  10:18  Zergling x8  
  127  10:20  Overlord  
  131  10:22  Hive  
  131  10:24  Pneumatized Carapace  
  131  10:25  Overseer  
  131  10:27  Overseer  
  131  10:31  Hydralisk x5  
  131  10:34  Overlord x3  
  131  10:35  Hydralisk x2  
  145  10:37  Hydralisk x2  
  149  10:44  Hydralisk x3  
  149  10:45  Hatchery  
  154  10:51  Drone  
  154  10:52  Drone x2  
  154  10:56  Drone, Zerg Missile Weapons Level 2  
  158  11:01  Zergling x2  
  158  11:02  Zergling x18  
  168  11:06  Zergling x4  
  168  11:09  Baneling x12  
  170  11:12  Lurker  
  171  11:24  Zergling x20  
  181  11:28  Hatchery  
  178  11:34  Lurker x5  
  183  11:44  Zergling x18  
  192  11:54  Zergling x24  
  177  11:56  Lurker x3  
  177  11:57  Lurker x2  
  179  12:04  Zergling x24  
  182  12:10  Adaptive Talons  
  172  12:16  Drone x8  
  167  12:27  Viper x2  
  160  12:33  Overlord  
  160  12:35  Drone x10  
  160  12:36  Drone  
  171  12:38  Drone x5  
  171  12:40  Viper  
  152  13:00  Zergling x28  
  152  13:04  Lurker x2  
  152  13:05  Lurker  
  164  13:18  Zergling x20  
  170  13:28  Hydralisk x7  
  170  13:43  Seismic Spines  
  166  13:55  Hydralisk x5  
  164  14:12  Lurker x5  
  164  14:14  Spore Crawler  
  164  14:15  Spore Crawler  
  164  14:16  Spore Crawler  
  166  14:18  Hatchery  
  166  14:22  Spire  
  159  14:25  Zerg Ground Armor Level 1, Hydralisk x2  
  159  14:26  Hydralisk x4  
  159  14:27  Evolution Chamber  
  159  14:30  Hatchery  
  170  14:35  Spore Crawler  
  170  14:36  Spore Crawler  
  168  14:44  Drone x4, Spore Crawler  
  168  14:45  Hydralisk x7  
  171  14:48  Spore Crawler  
  184  14:55  Evolution Chamber  
  184  14:57  Evolution Chamber, Zerg Missile Weapons Level 3  
  184  14:58  Evolution Chamber  
  181  15:10  Spore Crawler  
  181  15:11  Spore Crawler  
  181  15:12  Spore Crawler  
  178  15:15  Spore Crawler  
  177  15:25  Drone x5  
  177  15:27  Extractor  
  181  15:32  Extractor, Hydralisk  
  181  15:33  Hydralisk x4  
  181  15:35  Spore Crawler  
  184  15:36  Spore Crawler x2  
  184  15:40  Spore Crawler  
  177  15:44  Hydralisk x3  
  182  15:56  Zerg Flyer Weapons Level 1  
  182  15:57  Corruptor x2  
  182  16:00  Corruptor  
  171  16:17  Corruptor x4  
  172  16:28  Drone x7  
  179  16:38  Corruptor  
  179  16:39  Corruptor  
  183  16:44  Corruptor x2  
  187  16:54  Corruptor  
  189  17:02  Corruptor x2  
  189  17:05  Corruptor  
  183  17:25  Lurker  
  183  17:26  Lurker  
  188  17:33  Corruptor x6  
  188  17:46  Overseer  
  188  17:47  Overseer x2  
  188  18:10  Hatchery  
  188  18:12  Corruptor x6  
  195  18:32  Corruptor x5  
  180  18:37  Corruptor  
  182  18:44  Overseer  
  182  18:47  Corruptor x2  
  123  18:57  Corruptor x2  
  123  19:01  Zergling x16  
  120  19:11  Zergling x2  
  120  19:12  Hatchery  
  120  19:15  Zergling x4  
  122  19:18  Zergling x2  
  122  19:19  Zergling x2  
Tags
 
Add a new tag
Caveats
  • Supply blocks, unpowered buildings, or Contaminate may cause inaccurate times.
  • Supply counts are checked every 10 seconds.